 Dungeon Sprint DCSS version 0.28.0-53-g5a82cb258f (webtiles) character file.

Game seed: 15952077278963596289

492 Zeld the Cleaver (level 6, -6/100 HPs)
             Began as a Minotaur Berserker on June 8, 2022.
             Was an Elder of Trog.
             Mangled by a fire elemental (14 damage)
             ... summoned by a deep elf pyromancer
             ... in the Dungeon (Sprint III: "The Ten Rune Challenge").
             The game lasted 00:00:36 (1028 turns).

Zeld the Cleaver (Minotaur Berserker)               Turns: 1028, Time: 00:00:37

Health: -6/100     AC:  2    Str: 23    XL:     6   Next: 91%
Magic:  5/5        EV: 14    Int:  4    God:    Trog [****..]
Gold:   25         SH:  0    Dex: 10    Spells: 5/5 levels left

rFire   . . .      SeeInvis .   a - +0 hand axe
rCold   . . .      Faith    .   (no shield)
rNeg    . . .      Spirit   .   b - +0 animal skin
rPois   .          Reflect  .   (helmet restricted)
rElec   .          Harm     .   (no cloak)
rCorr   .          Rampage  .   (no gloves)
Will    .....      NoTele   +   (no boots)
Stlth   ..........              (no amulet)
HPRegen 0.26/turn               (no ring)
MPRegen 0.09/turn               (no ring)

@: berserking, on fire, glowing, very quick
A: horns 2, retaliatory headbutt
a: Renounce Religion, Berserk, Trog's Hand, Brothers in Arms


You were in the Dungeon.
You worshipped Trog.
Trog was greatly pleased with you.
You visited 1 branch You collected 25 gold pieces.

Inventory:

Hand Weapons
 a - a +0 hand axe (weapon)
Armour
 b - a +0 animal skin (worn)
Scrolls
 h - a scroll of blinking
 j - 2 scrolls of torment {unknown}
 k - 2 scrolls of identify {unknown}
Potions
 c - a potion of curing
 d - a potion of heal wounds
 e - a potion of haste
 f - 2 potions of magic
 g - a potion of berserk rage
 i - a potion of degeneration {unknown}
 l - 2 potions of brilliance {unknown}
 m - 3 potions of flight
 n - 4 potions of mutation


   Skills:
 * Level 10.8 Fighting
 * Level 10.9 Axes
 + Level 7.5 Armour
 + Level 7.0 Dodging


You had 5 spell levels left.
You didn't know any spells.
Your spell library was empty.

Dungeon Overview and Level Annotations

Branches:
Dungeon (1/1)

Altars:
Elyvilon
Kikubaaqudgha
Okawaru
Sif Muna
Trog
Uskayaw
Vehumet
Wu Jian
Zin
The Shining One
Beogh


Innate Abilities, Weirdness & Mutations

You have a pair of horns on your head.
You reflexively headbutt those who attack you in melee.


Message History

You are covered in liquid flames!
You are no longer on fire.
You slash the deep elf pyromancer!
Your headbutt misses the deep elf pyromancer.
The deep elf pyromancer is severely wounded.
The deep elf pyromancer points at you and mumbles some strange words.
The sticky flame hits you!
You are covered in liquid flames!
You barely miss the deep elf pyromancer.
The deep elf pyromancer is severely wounded.
You are covered in liquid flames!
The deep elf pyromancer gestures wildly while chanting.
Unknown command.
You barely miss the deep elf pyromancer.
Your headbutt misses the deep elf pyromancer.
The deep elf pyromancer is severely wounded.
You hit the fire elemental but do no damage. x2
You are covered in liquid flames!
The deep elf pyromancer casts a spell.
You barely miss the deep elf pyromancer.
The deep elf pyromancer is severely wounded.
You hit the fire elemental. x2; You closely miss the fire elemental.
You hit the fire elemental.
You are covered in liquid flames!
The fire elemental disappears in a puff of smoke!
The fire elemental hits you. The fire elemental burns you!
* * * LOW HITPOINT WARNING * * *
The fire elemental barely misses you. x2
Unknown command.
Unknown command.
A red film seems to cover your vision as you go berserk!
You feel yourself moving faster!
You feel mighty!
You are covered in liquid flames!
* * * LOW HITPOINT WARNING * * *
The fire elemental hits you. The fire elemental burns you!
* * * LOW HITPOINT WARNING * * *
The deep elf pyromancer hits you with a +0 long sword of holy wrath.
* * * LOW HITPOINT WARNING * * *
The fire elemental hits you. The fire elemental burns you!
You die...

▓▓▓▓▓▓▓ ▓▓▓ ..'...♣♣
♣.######### ..#....♣
♣.#EE_#___# ###....♣♣♣
♣♣.#e@E#__)#
..#....≈.♣♣♣..###§#'###+##
..#...≈≈.♣.♣..#..........#
.)#†.≈≈≈≈.....'.⌠........#
#'#..≈≈≈≈≈≈...#...######+#
..#†≈≈≈≈≈≈....#.⌠.#
..#.≈≈≈≈≈.....#...#
..#.≈≈≈.......#)###
###...........#.).#


You could see a deep elf pyromancer and 3 fire elementals.

Vanquished Creatures
  A scorpion (D)
  A water elemental (D)
  Jessica (D)
  A wizard (D)
  3 humans (D)
  A kobold demonologist (D)
  2 rats (D)
10 creatures vanquished.

Notes
Turn   | Place    | Note
-------+----------+-------------------------------------------
     0 | D        | Zeld the Minotaur Berserker began the quest for the Orb.
     0 | D        | Reached XP level 1. HP: 19/19 MP: 0/0
    12 | D        | Noticed Jessica
    17 | D        | Killed Jessica
    17 | D        | Reached ** piety under Trog
    18 | D        | Reached skill level 5 in Fighting
    18 | D        | Reached skill level 5 in Axes
    18 | D        | Reached XP level 2. HP: 10/29 MP: 1/1
   244 | D        | Noticed a scorpion
   252 | D        | Killed a scorpion
   253 | D        | Reached XP level 3. HP: 32/38 MP: 2/2
   253 | D        | Reached XP level 4. HP: 37/45 MP: 3/3
   448 | D        | Noticed a water elemental
   454 | D        | Killed a water elemental
   455 | D        | Reached skill level 5 in Armour
   455 | D        | Reached skill level 5 in Dodging
   455 | D        | Reached XP level 5. HP: 53/53 MP: 4/4
   587 | D        | Found a radiant altar of Vehumet.
   587 | D        | Found a shimmering blue altar of Sif Muna.
   587 | D        | Found an ancient bone altar of Kikubaaqudgha.
   590 | D        | Noticed an orange demon
   590 | D        | Reached *** piety under Trog
   710 | D        | Found a hide-covered altar of Uskayaw.
   710 | D        | Found an iron altar of Okawaru.
   710 | D        | Found a bloodstained altar of Trog.
   710 | D        | Found an ornate altar of the Wu Jian Council.
   710 | D        | Noticed a human
   711 | D        | Noticed a human
   718 | D        | Killed a human
   719 | D        | Reached skill level 10 in Fighting
   719 | D        | Reached skill level 10 in Axes
   719 | D        | Reached XP level 6. HP: 15/66 MP: 5/5
   719 | D        | HP: 2/99 [human (13)]
   721 | D        | Killed a human
   721 | D        | Reached **** piety under Trog
  1020 | D        | Found a glowing silver altar of Zin.
  1020 | D        | Found a glowing golden altar of the Shining One.
  1020 | D        | Found a white marble altar of Elyvilon.
  1021 | D        | Noticed a deep elf pyromancer
  1026 | D        | Noticed a fire elemental
  1026 | D        | Noticed a fire elemental
  1027 | D        | Noticed a fire elemental
  1027 | D        | Noticed a fire elemental
  1028 | D        | Mangled by a fire elemental

Illustrated notes

Levels and vault maps discovered:
D:        dungeon_sprint_mu [sprint_mu_entry_forest, sprint_mu_temple_rooms,
          sprint_mu_d1_horrors, sprint_mu_d2_genie, sprint_mu_d3_branching,
          sprint_mu_orc_legion, sprint_mu_elf_gauntlet, sprint_mu_hive_nellie,
          sprint_mu_lair_fedhas, sprint_mu_vaults_butterflies,
          sprint_mu_slime_circle, sprint_mu_swamp_cave, sprint_mu_shoals_archi,
          sprint_mu_blade_basic, sprint_mu_crypt_lich, sprint_mu_tomb_spiral,
          sprint_mu_vestibule_basic, sprint_mu_gehenna_hellfire,
          sprint_mu_dis_giant, sprint_mu_tartarus_statrot,
          sprint_mu_cocytus_islands, sprint_mu_zot1]

Skill      XL: |  1  2  3  4  5  6 |
---------------+-------------------+-----
Axes           | 5 6 8 10 | 10.9
Fighting       | 5 6 8 10 | 10.8
Armour         | 3 4 5 6 7 |  7.5
Dodging        | 3 4 5 6 7 |  7.0

Action                   |  1- 3 |  4- 6 || total
-------------------------+-------+-------++-------
Melee: Hand axe          |    12 |    24 ||    36
       Headbutt          |     1 |     6 ||     7
       Punch             |       |     1 ||     1
Invok: Berserk           |     1 |     3 ||     4
Armor: Animal skin       |     2 |     3 ||     5
Dodge: Dodged            |    13 |    13 ||    26
